 Dungeon Crawl Stone Soup version 0.18.1-50-g88ac8fd (webtiles) character file.

294 Kurtz the Insei (level 6, -1/47 HPs)
             Began as a Mummy Monk on Aug 9, 2018.
             Slain by an orc wizard
             ... wielding a +0 dagger
              (7 damage)
             ... on level 4 of the Dungeon.
             The game lasted 00:07:30 (23119 turns).

Kurtz the Insei (Mummy Monk)                       Turns: 23119, Time: 00:07:30

Health: -1/47      AC:  0    Str: 16    XL:     6   Next: 11%
Magic:  6/6        EV: 14    Int: 10    God:
Gold:   149        SH:  0    Dex: 16    Spells: 0 memorised, 5 levels left

rFire  . . .     SeeInvis .       - Unarmed
rCold  + . .     Gourm    .     (no armour)
rNeg   + + +     Faith    .     (no shield)
rPois  ∞         Spirit   .     (no helmet)
rElec  .         Dismiss  .     (no cloak)
rCorr  .         Reflect  .     (no gloves)
SustAt .         Harm     .     (no boots)
MR     .....                    (no amulet)
Stlth  ++........               g - +2 ring of strength
                                d - ring of protection from fire

@: not resistant to hostile enchantments, unstealthy
A: no food or potions, fire vulnerability, cold resistance 1, negative energy
resistance 3, torment resistance, unbreathing
a: no special abilities


You were on level 4 of the Dungeon.
You were not hungry.

You visited 1 branch of the dungeon, and saw 4 of its levels.

You collected 149 gold pieces.

Inventory:

Jewellery
 d - a ring of protection from fire (left hand)
 g - a +2 ring of strength (right hand)
 h - an uncursed ring of sustain attributes
Scrolls
 a - 2 scrolls of noise {unknown}
 b - 2 scrolls of fear {unknown}
 c - 3 scrolls of identify {unknown}
 e - 4 scrolls of remove curse {unknown}
 f - 2 scrolls of fog {unknown}


   Skills:
 - Level 3.0 Fighting
 * Level 3.7 Dodging
 - Level 2.1 Stealth
 * Level 5.2 Unarmed Combat


You had 5 spell levels left.
You didn't know any spells.

Dungeon Overview and Level Annotations

Branches:
Dungeon (4/15)
 Temple: D:4-7

Altars:
Sif Muna
Xom
Yredelemnul

Annotations:
D:1 !cent
D:2 1noo!!


Innate Abilities, Weirdness & Mutations

You do not eat or drink.
Your flesh is vulnerable to fire.
You are immune to poison.
Your flesh is cold resistant.
You are immune to negative energy.
You are immune to unholy pain and torment.
You can survive without breathing.


Message History

You hit the orc wizard but do no damage.
The orc wizard barely misses you.
You hit the orc wizard.
The orc wizard is lightly wounded.
The orc wizard barely misses you.
You barely miss the orc wizard.
The orc wizard is lightly wounded.
You hit the orc wizard.
The orc wizard is moderately wounded.
The orc wizard points at you and mumbles some strange words.
The magic dart hits you!
* * * LOW HITPOINT WARNING * * *
You closely miss the orc wizard.
The orc wizard is moderately wounded.
The orc wizard hits you with a dagger.
* * * LOW HITPOINT WARNING * * *
You punch the orc wizard!
The orc wizard is almost dead.
The orc wizard hits you with a dagger!
You die...

#.##.###.# #......#
#!....)..# #####.## ##
####'##### #.# .#
##..o## #.# .#
##.....## ### #.#
.###...o...# ##.###.#
.##.........####...##.#
..'.........'..)o...#.#
.##.........####@.#.#.#
.###.......## #.).#...#
.# ##.....## #.#####.#
.# ##...## #..>#...# .#
#+## ###.#.### .# #.#
#...# .# #.##### ##.##
## ##...... #.#
######...### #.#


You could see an orc wizard.

Vanquished Creatures
  A crimson imp (D:3)
  A giant frog zombie (D:4)
  Jessica (D:3)
  A killer bee zombie (D:2)
  2 worker ant zombies
  5 adders (D:2)
  2 oozes (D:1)
  An adder zombie (D:4)
  3 worms
  3 dart slugs
  5 orcs
  A ball python (D:3)
  6 bats
  3 giant cockroaches
  13 goblins
  9 hobgoblins
  16 kobolds
  2 quokkas (D:2)
  A giant gecko skeleton (D:2)
  9 giant newts
  8 rats
  15 plants (D:1)
108 creatures vanquished.

Notes
Turn   | Place    | Note
--------------------------------------------------------------
     0 | D:1      | Kurtz the Mummy Monk began the quest for the Orb.
     0 | D:1      | Reached XP level 1. HP: 18/18 MP: 1/1
   669 | D:2      | Reached XP level 2. HP: 17/24 MP: 2/2
   754 | D:2      | Found a deep blue altar of Sif Muna.
  1010 | D:2      | Reached skill level 4 in Unarmed Combat
  1392 | D:2      | Reached XP level 3. HP: 28/29 MP: 3/3
  5614 | D:2      | Reached XP level 4. HP: 35/35 MP: 4/4
  9385 | D:3      | Found a basalt altar of Yredelemnul.
  9456 | D:3      | Noticed Jessica
  9460 | D:3      | Killed Jessica
 10861 | D:3      | Reached XP level 5. HP: 35/41 MP: 5/5
 11750 | D:2      | Reached skill level 5 in Unarmed Combat
 16722 | D:1      | Noticed a centaur
 19418 | D:2      | Noticed a frost giant
 22036 | D:2      | Noticed an ogre mage
 22061 | D:2      | Found a shimmering altar of Xom.
 22255 | D:2      | Noticed a two-headed ogre
 22256 | D:2      | Noticed a two-headed ogre
 22256 | D:2      | Noticed an ogre
 22256 | D:2      | Noticed an ogre
 22258 | D:2      | Noticed an ogre
 22262 | D:2      | Noticed an ogre
 22493 | D:4      | Reached XP level 6. HP: 16/47 MP: 6/6
 23119 | D:4      | Slain by an orc wizard

Skill      XL: |  1  2  3  4  5 |
---------------+----------------+-----
Unarmed Combat | 4 5 |  5.2
Stealth        | 2 |  2.1
Dodging        | 3 |  3.7
Fighting       | |  3.0

Action                   |  1- 3 |  4- 6 || total
-------------------------+-------+-------++-------
Melee: Unarmed           |    88 |  1109 ||  1197
       Punch             |       |    35 ||    35
 Stab: Sleeping          |     2 |     3 ||     5
       Distracted        |       |     1 ||     1
Dodge: Dodged            |    54 |   180 ||   234
